 Dungeon Crawl Stone Soup version 0.18.1-48-g4cf74bf (webtiles) character file.

479 Inkary the Skirmisher (level 6, 0/58 HPs)
             Began as a Minotaur Fighter on July 20, 2016.
             Was a Believer of Okawaru.
             Succumbed to an orc's poison
             ... on level 4 of the Dungeon.
             The game lasted 00:05:40 (2784 turns).

Inkary the Skirmisher (Minotaur Fighter)            Turns: 2784, Time: 00:05:41

Health: 0/58       AC:  8    Str: 24    XL:     6   Next: 86%
Magic:  5/5        EV:  8    Int:  5    God:    Okawaru [**....]
Gold:   160        SH: 10    Dex: 10    Spells: 0 memorised, 5 levels left

rFire  . . .     SeeInvis .     a - +0 war axe
rCold  . . .     Gourm    .     b - +0 scale mail
rNeg   . . .     Faith    .     c - +0 shield
rPois  .         Spirit   .     (helmet restricted)
rElec  .         Dismiss  .     (no cloak)
rCorr  .         Reflect  .     (no gloves)
SustAt .         Harm     .     (no boots)
MR     .....                    (no amulet)
Stlth  ..........               (no ring)
                                (no ring)

@: lethally poisoned (0 -> -45), not resistant to hostile enchantments,
extremely unstealthy
A: retaliatory headbutt, horns 2, rugged brown scales 1, low mp 1, strong 1
a: Heroism, Renounce Religion


You were on level 4 of the Dungeon.
You worshipped Okawaru.
Okawaru was pleased with you.
You were not hungry.

You visited 1 branch of the dungeon, and saw 4 of its levels.

You collected 160 gold pieces.

Inventory:

Hand Weapons
 a - a +0 war axe (weapon)
Armour
 b - a +0 scale mail (worn)
 c - a +0 shield (worn)
Scrolls
 g - 3 scrolls of fear {unknown}
 i - 2 scrolls of enchant weapon {unknown}
 j - 5 scrolls of identify {unknown}
 l - a scroll of recharging {unknown}
 q - 3 scrolls of fog {unknown}
 r - 2 scrolls of enchant armour {unknown}
 t - 5 scrolls of remove curse {unknown}
Potions
 d - a potion of might
 e - 2 potions of curing {unknown}
 m - 2 potions of mutation
 n - 3 potions of heal wounds {unknown}
 o - a potion of brilliance {unknown}
 p - a potion of lignification {unknown}
 u - a potion of haste {unknown}
 w - a potion of flight {unknown}
Books
 v - a book of Misfortune

   Spells                             Type                      Level
   a - Confusing Touch                Hexes                        2
   b - Confuse                        Hexes                        3
   c - Gell's Gravitas                Hexes/Translocation          3
   d - Petrify                        Transmutation/Earth          4
   e - Metabolic Englaciation         Hexes/Ice                    5
   f - Yara's Violent Unravelling     Hexes/Transmutation          5
Comestibles
 f - 3 bread rations
 h - a royal jelly
 k - a meat ration
 s - 3 fruits
 x - 6 chunks of flesh


   Skills:
 + Level 5.7 Fighting
 + Level 4.5 Axes
 + Level 5.4 Armour
 + Level 5.6 Shields
 + Level 1.3 Invocations


You had 5 spell levels left.
You didn't know any spells.

Dungeon Overview and Level Annotations

Branches:
Dungeon (4/15)
 Temple: D:4-7

Altars:
Ashenzari
Elyvilon
Gozag
Makhleb
Nemelex Xobeh
Okawaru
Pakellas
Qazlal
Yredelemnul


Innate Abilities, Weirdness & Mutations

You reflexively headbutt those who attack you in melee.
You have a pair of horns on your head.
You are partially covered in rugged brown scales (AC +1, +3% HP).
Your magical capacity is low (-10% MP).
Your muscles are strong. (Str +2)


Message History

The orc hits you with a trident of venom.
* * * LOW HITPOINT WARNING * * *
You are more poisoned.
You are too injured to fight recklessly!
Your shield and scale mail prevent you from hitting the orc.
* * * LOW HITPOINT WARNING * * *
You feel very sick. The orc completely misses you. You block the orc's attack.
Drink which item? (? for menu, Esc to quit)
It was a potion of mutation.
You feel extremely strange.
Rugged brown scales grow over part of your body.
You feel stronger.
You feel less energetic.
* * * LOW HITPOINT WARNING * * *
You feel very sick. The orc barely misses you.
You are too injured to fight recklessly!
You slash the orc!
You kill the orc!
Okawaru accepts your kill.
You die...

........#.....##......#
#....#..(..........#
#....#......##.....#
#...>'......##.....#
#.####.....###.....+
#######.# ####.##
#.....# #...)...# #.#
#...... #.##########
#.# #......
#.#......@.# #..
######. #.#.#.####)#
### #....
#.#.#.##...#### #.#..
#...####.##...# # #..
##### #..o).#.# #..
#..o..# .. ### #.o...#
... #.....# ...
.....### ..


There were no monsters in sight!

Vanquished Creatures
  Sigmund (D:2)
  An orc wizard (D:3)
  Ijyb (D:2)
  Terence (D:2)
  A worker ant (D:4)
  4 gnolls (D:2)
  6 adders
  A worm (D:3)
  3 dart slugs
  2 giant geckos
  16 orcs
  7 bats
  6 giant cockroaches
  9 goblins
  10 hobgoblins
  2 jackals (D:4)
  4 kobolds
  A quokka (D:2)
  A ball python (D:3)
  2 giant newts (D:4)
  A quokka skeleton (D:4)
  10 rats
90 creatures vanquished.

Notes
Turn   | Place    | Note
--------------------------------------------------------------
     0 | D:1      | Inkary the Minotaur Fighter began the quest for the Orb.
     0 | D:1      | Reached XP level 1. HP: 19/19 MP: 0/0
    83 | D:1      | Reached XP level 2. HP: 24/27 MP: 1/1
   596 | D:2      | Reached XP level 3. HP: 33/33 MP: 2/2
   629 | D:2      | Found a burning altar of Makhleb.
   639 | D:2      | Noticed Terence
   646 | D:2      | Killed Terence
   692 | D:2      | Found an opulent altar of Gozag.
   693 | D:2      | Found an iron altar of Okawaru.
   707 | D:2      | Found a basalt altar of Yredelemnul.
   707 | D:2      | Found a stormy altar of Qazlal.
   709 | D:2      | Found a shattered altar of Ashenzari.
   709 | D:2      | Found a white marble altar of Elyvilon.
   710 | D:2      | Found a sparkling altar of Nemelex Xobeh.
   714 | D:2      | Became a worshipper of Warmaster Okawaru
   715 | D:2      | Reached XP level 4. HP: 37/41 MP: 3/3
   995 | D:2      | Noticed Sigmund
  1011 | D:2      | Killed Sigmund
  1011 | D:2      | Reached * piety under Okawaru
  1011 | D:2      | Reached skill level 5 in Fighting
  1011 | D:2      | Reached skill level 5 in Armour
  1011 | D:2      | Reached skill level 5 in Shields
  1011 | D:2      | Reached XP level 5. HP: 25/48 MP: 4/4
  1032 | D:2      | Noticed Ijyb
  1035 | D:2      | Killed Ijyb
  1035 | D:2      | Reached XP level 6. HP: 34/56 MP: 5/5
  2037 | D:3      | Reached ** piety under Okawaru
  2146 | D:3      | Reached skill level 1 in Invocations
  2505 | D:4      | Found an oddly glowing altar of Pakellas.
  2783 | D:4      | Gained mutation: You are partially covered in rugged brown scales (AC +1, +3% HP). [potion of mutation]
  2783 | D:4      | Gained mutation: Your muscles are strong. (Str +2) [potion of mutation]
  2783 | D:4      | Gained mutation: Your magical capacity is low (-10% MP). [potion of mutation]
  2784 | D:4      | Succumbed to an orc's poison

Skill      XL: |  1  2  3  4  5  6 |
---------------+-------------------+-----
Fighting       | 4 5 |  5.7
Armour         | 4 5 |  5.4
Shields        | 4 5 |  5.6
Axes           | 3 4 |  4.5
Invocations    | 1 |  1.3

Action                   |  1- 3 |  4- 6 || total
-------------------------+-------+-------++-------
Melee: War axe           |    68 |   141 ||   209
       Headbutt          |     8 |    14 ||    22
  Use: Potion            |       |     1 ||     1
  Eat: Chunk             |       |     5 ||     5
       Fruit             |       |     1 ||     1
Armor: Scale mail        |    21 |    43 ||    64
Dodge: Dodged            |    15 |    45 ||    60
Block: Shield            |    42 |    61 ||   103
